 Dungeon Crawl Stone Soup version 0.29.1-15-g9cfb28693d (webtiles) character file.

Game seed: 11310140743637817409

86 Alturiack the Conjurer (level 4, -6/26 HPs)
             Began as a Gargoyle Conjurer on Apr 10, 2023.
             Killed by divine providence
             ... invoked by an orc priest
              (11 damage)
             ... on level 3 of the Dungeon.
             The game lasted 00:09:43 (2653 turns).

Alturiack the Conjurer (Gargoyle Conjurer)          Turns: 2653, Time: 00:09:44

Health: -6/26      AC:  6    Str: 10    XL:     4   Next: 49%
Magic:  0/7        EV: 11    Int: 21    God:
Gold:   50         SH:  0    Dex:  8    Spells: 7/8 levels left

rFire   . . .      SeeInvis .   g - staff of earth
rCold   . . .      Faith    .   (no shield)
rNeg    + . .      Spirit   .   a - +0 robe
rPois   ∞          Reflect  .   l - +0 helmet
rElec   +          Harm     .   (no cloak)
rCorr   .          Rampage  .   (no gloves)
Will    .....                   (no boots)
Stlth   ++........              (no amulet)
HPRegen 0.08/turn               (no ring)
MPRegen 0.10/turn               (no ring)

@: no status effects
A: sickness immunity, AC +3, negative energy resistance 1, electricity
resistance, torment resistance 1, petrification resistance
a: no special abilities


You were on level 3 of the Dungeon.
You visited 1 branch of the dungeon, and saw 3 of its levels.

You collected 50 gold pieces.

Inventory:

Hand Weapons
 d - a +1 short sword of freezing
Armour
 a - a +0 robe (worn)
 l - a +0 helmet (worn)
Magical Staves
 g - a staff of earth (weapon)
Scrolls
 h - a scroll of poison {unknown}
 i - a scroll of torment {unknown}
Potions
 b - 2 potions of magic
 c - 2 potions of curing {unknown}
 e - a potion of ambrosia {unknown}
 f - a potion of degeneration {unknown}
 j - a potion of lignification {unknown}
 k - a potion of heal wounds {unknown}


   Skills:
 * Level 1.9 Fighting
 * Level 1.9 Armour
 - Level 1.5 Dodging
 - Level 2.1 Stealth
 * Level 2.6 Spellcasting
 * Level 5.0 Conjurations


You had 7 spell levels left.
You knew the following spells:

 Your Spells              Type           Power      Damage    Failure   Level
a - Magic Dart            Conj           92%        1d7       1%          1

Your spell library contained the following spells:

 Spells                   Type           Power      Damage    Failure   Level
 Searing Ray              Conj           46%        2d6       2%          2
 Dazzling Flash           Conj/Hex       26%        N/A       14%         3
 Fulminant Prism          Conj/Hex       6%         3d7       43%         4
 Iskenderun's Mystic Bla  Conj/Tloc      13%        2d5       43%         4


Dungeon Overview and Level Annotations

Branches:
Dungeon (3/15)

Altars:
Xom


Innate Abilities, Weirdness & Mutations

You are immune to sickness and miasma.
Your stone body is resilient. (AC +3)
You are immune to poison.
You resist negative energy. (rN+)
You are resistant to electric shocks. (rElec)
You are resistant to unholy torment.
You are immune to petrification.


Message History

The magic dart hits the orc!
You kill the orc!
The orc priest shouts!
The orc priest begins to cast a cantrip, but forgets the words!
Aiming: Magic Dart (safe; 1% risk of failure)
Press: ? - help, Q - select action Shift-Dir - straight line, f - orc
Aim: an orc, wielding a +2 hand axe of electrocution (100% to hit)
The magic dart hits the orc.
The orc is almost dead.
The orc sings a few bars from the Orcish anthem.
The orc attacks as you move away! The orc closely misses you.
The orc closely misses you.
You see here 4 poisoned darts.
The orc attacks as you move away!
The orc hits you with a +2 hand axe of electrocution.
You see here 5 stones.
The orc hits you with a +2 hand axe of electrocution.
Aiming: Magic Dart (safe; 1% risk of failure)
Press: ? - help, Q - select action Shift-Dir - straight line, f/p - orc
Aim: an orc, wielding a +2 hand axe of electrocution (almost dead, 100% to hit)
The magic dart hits the orc.
You kill the orc!
You see here a +2 hand axe of electrocution.
The orc priest invokes the aid of Beogh against you.
Beogh smites you!
You don't have enough magic to cast this spell.
You don't have enough magic to cast this spell.
There is a stone staircase leading up here.
The orc priest calls down the wrath of Beogh upon you.
Pain shoots through your body!
* * * LOW HITPOINT WARNING * * *
You see here a +0 short sword of speed.
Aiming: Magic Dart (safe; 1% risk of failure)
Press: ? - help, Q - select action Shift-Dir - straight line, f - orc priest
Aim: an orc priest, wielding a +0 club and wearing a +0 ring mail (100% to hit)
The magic dart hits the orc priest!
The orc priest is heavily wounded.
The orc priest mumbles some strange prayers to Beogh against you.
Beogh smites you!
You die...

#...# ##...#
#<..## #.#)# #
#.#.# .#
#.#o##.#
#o#....#
#)#....#
#((@##...#
.........#...###
..####.###.#.#
... .# # ..###
.. .. .# . .. ##


You could see an orc priest.

Vanquished Creatures
  2 adders (D:2)
  2 worms (D:2)
  A dart slug (D:2)
  7 orcs
  4 endoplasms
  3 giant cockroaches (D:1)
  2 hobgoblins
  3 jackals (D:2)
  A quokka (D:1)
  5 ball pythons
  5 bats
  A frilled lizard (D:1)
  3 goblins (D:2)
  8 kobolds
  4 rats
51 creatures vanquished.

Notes
Turn   | Place    | Note
-------+----------+-------------------------------------------
     0 | D:1      | Alturiack the Gargoyle Conjurer began the quest for the
                  | Orb.
     0 | D:1      | Reached XP level 1. HP: 10/10 MP: 3/3
   297 | D:1      | Found a faded altar of an unknown god.
   325 | D:1      | Reached XP level 2. HP: 16/16 MP: 3/5
   927 | D:1      | Reached skill level 1 in Fighting
  1098 | D:1      | Reached skill level 1 in Armour
  1410 | D:2      | Reached XP level 3. HP: 18/20 MP: 0/6
  1885 | D:2      | Found a shimmering altar of Xom.
  2080 | D:2      | Reached XP level 4. HP: 26/26 MP: 4/7
  2558 | D:3      | Reached skill level 5 in Conjurations
  2653 | D:3      | Killed from afar by an orc priest

Illustrated notes

Levels and vault maps discovered:
D:1:      kilobyte_arrival_exit_the_forest, layout_loops_ring,
          nicolae_ecumenical_snake_handling, serial_bayou_pond_c,
          minmay_fountain_box
D:2:      layout_rooms, basic_altar
D:3:      layout_rooms, mainiacjoe_overflow_brackets

Skill      XL: |  1  2  3  4 |
---------------+-------------+-----
Fighting       | 1 |  1.9
Armour         | 1 |  1.9
Conjurations   | 5 |  5.0
Dodging        | |  1.5
Stealth        | |  2.1
Spellcasting   | |  2.6

Action                   |  1- 3 |  4- 6 || total
-------------------------+-------+-------++-------
Melee: Unarmed           |     4 |       ||     4
       Short sword       |       |    10 ||    10
 Cast: Magic Dart        |    82 |    29 ||   111
Armor: Robe              |    15 |     3 ||    18
Dodge: Dodged            |    29 |     8 ||    37
